 Dungeon Crawl Stone Soup version 0.29.0-11-gd7f09526c8 (webtiles) character file.

Game seed: 354913036700382885

20 greasedhog the Cudgeller (level 3, 0/33 HPs)
             Began as a Meteoran Berserker on Sept 6, 2022.
             Was a Follower of Trog.
             Slain by an adder (3 damage)
             ... on level 2 of the Dungeon.
             The game lasted 00:00:47 (162 turns).

greasedhog the Cudgeller (Meteoran Berserker)        Turns: 162, Time: 00:00:47

Health: 0/33       AC:  3    Str: 21    XL:     3   Next: 14%
Magic:  4/4        EV: 12    Int:  8    God:    Trog [*.....]
Gold:   18         SH:  0    Dex: 13    Spells: 2/2 levels left

rFire   . . .      SeeInvis .   a - +0 mace
rCold   . . .      Faith    .   (no shield)
rNeg    . . .      Spirit   .   c - +0 leather armour
rPois   .          Reflect  .   (no helmet)
rElec   .          Harm     .   (no cloak)
rCorr   .          Rampage  .   (no gloves)
Will    .....                   (no boots)
Stlth   +.........              (no amulet)
HPRegen 0.11/turn               (no ring)
MPRegen 0.09/turn               (no ring)

@: lethally poisoned (0 -> -4), glowing
A: sense surroundings 1, otherworldly, glowing, explore regen
a: Renounce Religion, Berserk


You were on level 2 of the Dungeon.
You worshipped Trog.
Trog was aware of your devotion.
You visited 1 branch of the dungeon, and saw 2 of its levels.

You collected 18 gold pieces.

Inventory:

Hand Weapons
 a - a +0 mace (weapon)
Armour
 c - a +0 leather armour (worn)
Scrolls
 e - a scroll of silence {unknown}
 f - a scroll of poison {unknown}
Potions
 b - a potion of degeneration {unknown}
 d - a potion of curing {unknown}


   Skills:
 * Level 3.8 Fighting
 * Level 4.7 Maces & Flails
 - Level 2.4 Armour
 - Level 2.4 Dodging


You had 2 spell levels left.
You didn't know any spells.
Your spell library was empty.

Dungeon Overview and Level Annotations

Branches:
Dungeon (2/15) Zot: 1029

Altars:


Innate Abilities, Weirdness & Mutations

You passively map a small area around you.
You are easily found by Zot.
You glow in the dark.
You regain HP and MP as you explore.


Message History

The frilled lizard bites you but does no damage.
You miss the frilled lizard.
The frilled lizard bites you but does no damage.
You miss the frilled lizard. The frilled lizard bites you.
* * * LOW HITPOINT WARNING * * *
You miss the frilled lizard. The frilled lizard barely misses you.
You hit the frilled lizard.
You kill the frilled lizard!
Trog accepts your kill.
You see here a frilled lizard corpse.
Found a scroll labelled CAGAUWNAYCHI.
Found an escape hatch in the floor.
Found a stone staircase leading down.
e - a scroll labelled TAIHUJIALOLO A bat comes into view.
The bat moves out of view.
An adder comes into view.
The adder hisses angrily.
The bat closely misses you.
You see here a scroll labelled CAGAUWNAYCHI.
f - a scroll labelled CAGAUWNAYCHI The bat hits you.
The bat hits you.
You barely miss the bat. The bat barely misses you. The adder misses you.
You fail to use your ability.
The bat hits you but does no damage. x2
The adder bites you.
You are poisoned.
The adder poisons you!
You miss the adder.
You feel sick. The bat hits you but does no damage.
The adder closely misses you. The adder bites you.
* * * LOW HITPOINT WARNING * * *
You are lethally poisoned!
The adder poisons you!
You closely miss the adder.
* * * LOW HITPOINT WARNING * * *
You feel sick. The bat closely misses you.
The adder bites you but does no damage.
You hit the adder but do no damage.
* * * LOW HITPOINT WARNING * * *
You feel sick. The bat hits you but does no damage. The adder bites you.
You die...

. .............. ... , .
,............... .... ..
, ...# ........##....
#..** ..#*.#.>..........
, ...####.##.#..........
* ......#.#..##....... .
#.....†...####....###...
,
##...<††....##.#S.......
**
#.####........#@.####..
,, #.
*#.........b........ * #
#†#####...#........ *
*,#.# #............ , ,
#.# #.##.(.#..... #...#
#.##.#....... , *#...###
#..#.###..... #...*
##.#.., ...>., .... *
..##, .... ,


You could see an adder and a bat.

Vanquished Creatures
  An adder (D:2)
  A ball python (D:2)
  A bat (D:2)
  A giant cockroach (D:2)
  3 hobgoblins
  A quokka (D:2)
  A frilled lizard (D:2)
  A goblin (D:1)
10 creatures vanquished.

Notes
Turn   | Place    | Note
-------+----------+-------------------------------------------
     0 | D:1      | greasedhog the Meteoran Berserker began the quest for the
                  | Orb.
     0 | D:1      | Reached XP level 1. HP: 19/19 MP: 2/2
    95 | D:2      | Reached XP level 2. HP: 26/26 MP: 3/3
   113 | D:2      | Reached XP level 3. HP: 12/33 MP: 4/4
   162 | D:2      | Slain by an adder

Illustrated notes

Levels and vault maps discovered:
D:1:      dpeg_arrival_round_c, layout_rooms, nrook_campfire
D:2:      layout_rooms, uniq_crazy_yiuf_cottage

Action                   || total
-------------------------++-------
Melee: Mace              ||    40
Armor: Leather armour    ||    13
Dodge: Dodged            ||    22
